 Dungeon Crawl Stone Soup version 0.21.1 (webtiles) character file.

71072 shakethe the Peltast (level 14, -3/130 HPs)
             Began as a Minotaur Berserker on Feb 4, 2018.
             Was a High Priest of Trog.
             Slain by a sixfirhy (12 damage)
             ... led by a cacodemon
             ... on level 1 of the Abyss on Feb 5, 2018.
             The game lasted 01:46:45 (24025 turns).

shakethe the Peltast (Minotaur Berserker)          Turns: 24025, Time: 01:46:45

Health: -3/130     AC: 23    Str: 23    XL:     14   Next: 96%
Magic:  13/13      EV: 14    Int:  9    God:    Trog [*****.]
Gold:   1557       SH: 16    Dex: 14    Spells: 13/13 levels left

rFire    . . .     SeeInvis +   R - +3 eveningstar (vamp)
rCold    . . .     Gourm    .   Q - +1 shield
rNeg     + . .     Faith    .   C - +7 scale mail of Amelioration {SInv}
rPois    .         Spirit   .   w - +1 hat
rElec    .         Reflect  .   X - +0 cloak
rCorr    .         Harm     +   q - +0 pair of gloves
MR       ++...                  V - +1 pair of boots
Stlth    ..........             P - amulet of harm
HPRegen  0.31/turn              Z - ring of the Thirsty Songs {rN+ Int+5 SInv}
MPRegen  0.13/turn              i - ring of protection from magic

@: very slightly contaminated
A: retaliatory headbutt, horns 2
a: Berserk, Trog's Hand, Brothers in Arms, Burn Spellbooks, Renounce Religion


You were on level 1 of the Abyss.
You worshipped Trog.
Trog was extremely pleased with you.
You were not hungry.

You visited 4 branches of the dungeon, and saw 19 of its levels.
You visited the Abyss 1 time.

You collected 1960 gold pieces.
You spent 403 gold pieces at shops.

Inventory:

Hand Weapons
 a - the +3 trident "Keezyu" {freeze, *Rage rPois MR+, unknown}
   (Trog gifted it to you on level 2 of the Orcish Mines)

   It has been specially enchanted to freeze those struck by it, causing extra
   injury to most foes and up to half again as much damage against particularly
   susceptible opponents.
   It can also slow down cold-blooded creatures.
   It protects you from poison.
   It affects your resistance to hostile enchantments.
   It may make you go berserk in combat.
 e - a cursed -1 broad axe
 f - a cursed -3 glaive
 B - a +4 antimagic morningstar
 R - a +3 vampiric eveningstar (weapon)
 U - a +2 demon whip of electrocution
 W - a +0 demon blade of electrocution
Armour
 q - a +0 pair of gloves (worn)
 s - a scarf of cloud immunity
 w - a +1 hat (worn)
 A - a +0 large shield
 C - the +7 scale mail of Amelioration (worn) {SInv}
   (You found it on level 5 of the Dungeon)

   It lets you see invisible.
 Q - a +1 shield (worn)
 V - a +1 pair of boots (worn)
 X - a +0 cloak (worn)
Jewellery
 i - a ring of protection from magic (right hand)
 P - an amulet of harm (around neck)
 Z - the ring of the Thirsty Songs (left hand) {rN+ Int+5 SInv}
   (You found it on level 9 of the Dungeon)

   [ring of positive energy]

   It affects your intelligence (+5).
   It protects you from negative energy.
   It lets you see invisible.
Wands
 z - a wand of acid (10)
 D - a wand of digging (8)
 F - a wand of iceblast (29)
 I - a wand of paralysis (13)
 M - a wand of enslavement (9)
 S - a wand of flame (25)
 T - a wand of polymorph (12)
 Y - a wand of random effects (26)
Scrolls
 g - 7 scrolls of identify
 j - a scroll of vulnerability
 k - 11 scrolls of teleportation
 n - 3 scrolls of blinking
 o - 3 scrolls of fear
 t - 4 scrolls of magic mapping
 x - 5 scrolls of remove curse
 G - 5 scrolls of amnesia
 H - 3 scrolls of immolation
 N - 5 scrolls of fog
Potions
 b - 2 potions of haste
 d - a potion of might
 h - 3 potions of flight
 l - 5 potions of curing
 m - 4 potions of mutation
 p - 6 potions of heal wounds
 r - a potion of ambrosia
 E - a potion of lignification
 K - 2 potions of resistance
 L - 4 potions of cancellation
Miscellaneous
 y - a lamp of fire
 O - a phantom mirror
Comestibles
 c - 18 rations


   Skills:
 + Level 13.7 Fighting
 - Level 16.0 Maces & Flails
 + Level 13.1 Armour
 + Level 7.0 Dodging
 * Level 17.5 Shields


You had 13 spell levels left.
You didn't know any spells.

Dungeon Overview and Level Annotations

Branches:
Dungeon (10/15)            Temple (1/1) D:6            Lair (6/6) D:10
 Shoals (0/4) Lair:2       Spider (0/4) Lair:2          Orc (2/2) D:10
    Elf (0/3) Orc:2
  Slime: Lair:5-6

Altars:
Cheibriados
Dithmenos
Elyvilon
Fedhas
Gozag
Kikubaaqudgha
Makhleb
Nemelex Xobeh
Okawaru
Qazlal
Sif Muna
Trog
Uskayaw
Wu Jian
Xom
Yredelemnul
The Shining One
Beogh

Shops:
D:5 ?   D:7 [=   D:10 =   Orc:1 }   Orc:2 ([

Portals:
Trove: D:10 (give +6 fire dragon scales)

Annotations:
D:10 Treasure Trove
Lair:1 exclusion: 3 oklob plants
Lair:5 exclusion: 3 oklob plants
Orc:2 Sonja


Innate Abilities, Weirdness & Mutations

You reflexively headbutt those who attack you in melee.
You have a pair of horns on your head.


Message History

The sixfirhy closely misses you. The sixfirhy misses you.
The sixfirhy closely misses you. The sixfirhy barely misses you.
The sixfirhy hits you.
* * * LOW HITPOINT WARNING * * *
The sixfirhy shocks you!
* * * LOW HITPOINT WARNING * * *
The sixfirhy hits you but does no damage. x2
You feel less confused.
The cacodemon gestures at the rock wall.
Some rock shatters into small pieces.
Blink to where?
Press: ? - help, Dir - move target cursor You are very lightly contaminated with residual magic.
As you read the scroll of blinking, it crumbles to dust.
Found 43 gold pieces.
You see here 43 gold pieces.
The sixfirhy hits you.
* * * LOW HITPOINT WARNING * * *
The sixfirhy shocks you!
You die...

........ .....
#......# .....
##......##.....
...............
...............
................
................
.......@........
.......3........
##......##......
#......##......
...................
.......3...........#
.......3.......... #
...................#
.................ยง
#


You could see 3 sixfirhies.

Vanquished Creatures
  Saint Roka (Orc:2)
  Gastronok (Lair:1)
  A fire dragon (Lair:6)
  Josephine (Orc:2)
  5 hydras
  Erica (Lair:1)
  4 two-headed ogres
  10 death yaks
  3 orc high priests
  Nergalle (Lair:1)
  A fire crab (Lair:6)
  Pikel (D:4)
  A lindwurm (Lair:6)
  3 orc knights
  A necromancer (Lair:6)
  An oklob plant (Lair:6)
  4 orc sorcerers
  A merfolk siren (Lair:2)
  19 elephants
  Joseph (D:8)
  3 molten gargoyles (Lair:6)
  The ghost of JeronimusCornelisz the Cleaver, a novice MiBe of Trog (D:6)
  Psyche (D:10)
  13 spiny frogs
  4 black mambas
  A torpor snail (Lair:5)
  A smoke demon (Abyss:1)
  11 komodo dragons
  3 rime drakes
  3 hellwings (Abyss:1)
  4 trolls
  A polar bear (Lair:5)
  A hornet (D:8)
  6 hippogriffs
  20 blink frogs
  A spriggan (D:7)
  A tarantella (Lair:2)
  A vampire (D:10)
  4 wyverns
  26 yaks
  4 basilisks
  A hungry ghost (D:9)
  3 wargs
  8 water moccasins
  8 porcupines
  5 hell hounds (Lair:6)
  33 orc warriors
  3 ice beasts
  A swamp drake (D:10)
  A sky beast (D:9)
  3 black bears
  A phantom (D:8)
  A slave (D:4)
  10 ogres
  9 wolves
  4 centaurs
  14 crocodiles
  2 big kobolds
  18 bullfrogs
  A wyvern skeleton (D:8)
  A water moccasin skeleton (D:10)
  3 scorpions
  16 wights
  4 lava snakes (Lair:6)
  A crimson imp (D:5)
  2 centaur zombies
  A bullfrog zombie (D:8)
  7 hounds
  3 jellies
  12 orc priests
  28 orc wizards
  Ijyb (D:4)
  5 iguanas
  Natasha (D:4)
  8 worker ants
  5 polar bear simulacra (Lair:6)
  A yak simulacrum (Lair:6)
  2 wolf simulacra (Lair:6)
  The ghost of letownia3 the Magician, a weakling DsWz (D:3)
  A hound zombie (D:10)
  A mummy (D:9)
  A worker ant zombie (D:6)
  11 gnolls
  21 adders
  2 shadow imps
  3 oozes
  An adder zombie (D:8)
  A worm (D:3)
  7 leopard geckos
  78 orcs
  A ball python (D:1)
  9 bats
  14 giant cockroaches
  2 gnoll zombies (D:4)
  14 goblins
  11 hobgoblins
  15 jackals
  3 quokkas
  8 frilled lizards
  A jackal zombie (D:8)
  25 kobolds
  2 leopard gecko skeletons
  A quokka skeleton (D:6)
  A quokka zombie (D:8)
  5 rats
  3 river rat simulacra (Lair:6)
  3 butterflies (Lair:3)
  4 fungi
  2 plants
650 creatures vanquished.

Vanquished Creatures (others)
  An ogre (D:4)
  Natasha (twice) (D:4)
  Robin (D:4)
  An adder (D:4)
  3 goblins (D:4)
  A frilled lizard (D:4)
  11 fungi
  5 plants
25 creatures vanquished.

Grand Total: 675 creatures vanquished

Notes
Turn   | Place    | Note
-------+----------+-------------------------------------------
     0 | D:1      | shakethe the Minotaur Berserker began the quest for the Orb.
     0 | D:1      | Reached XP level 1. HP: 19/19 MP: 0/0
   124 | D:1      | Reached XP level 2. HP: 11/27 MP: 1/1
   846 | D:1      | Reached XP level 3. HP: 25/33 MP: 2/2
   847 | D:1      | Reached ** piety under Trog
  1005 | D:2      | Reached skill level 5 in Maces & Flails
  1248 | D:2      | Found a white marble altar of Elyvilon.
  1288 | D:2      | Reached XP level 4. HP: 27/41 MP: 3/3
  1456 | D:2      | Found a deep blue altar of Sif Muna.
  2096 | D:3      | Found a hide-covered altar of Uskayaw.
  2156 | D:3      | Reached XP level 5. HP: 37/47 MP: 4/4
  2182 | D:3      | Found a sparkling altar of Nemelex Xobeh.
  2198 | D:3      | Reached skill level 5 in Fighting
  2210 | D:3      | Noticed an orc warrior
  2221 | D:3      | Killed an orc warrior
  2221 | D:3      | Reached XP level 6. HP: 9/56 MP: 5/5
  2516 | D:3      | Noticed letownia3's ghost (weakling DsWz)
  2526 | D:3      | Killed letownia3's ghost
  2766 | D:3      | Reached *** piety under Trog
  3480 | D:4      | Noticed a slave
  3486 | D:4      | Noticed a slave
  3487 | D:4      | Noticed a slave
  3487 | D:4      | Noticed a slave
  3488 | D:4      | Noticed Pikel
  3495 | D:4      | Killed a slave
  3506 | D:4      | Killed Pikel
  3506 | D:4      | Reached XP level 7. HP: 48/64 MP: 6/6
  3552 | D:4      | Killed Natasha
  3835 | D:4      | Found a basalt altar of Yredelemnul.
  3854 | D:4      | Found a blossoming altar of Fedhas.
  3857 | D:4      | Noticed Robin
  3878 | D:4      | Killed Robin
  4145 | D:4      | Noticed Ijyb
  4162 | D:4      | Killed Ijyb
  4174 | D:4      | Killed Natasha
  4402 | D:4      | Noticed Natasha
  4410 | D:4      | Killed Natasha
  5126 | D:5      | Entered Level 5 of the Dungeon
  5140 | D:5      | Reached XP level 8. HP: 62/71 MP: 7/7
  5267 | D:5      | Reached skill level 5 in Armour
  5781 | D:5      | Got a shimmering scale mail
  5899 | D:5      | Found Yfozon's Magic Scroll Shoppe.
  5904 | D:5      | Bought a scroll of amnesia for 38 gold pieces
  5904 | D:5      | Bought a scroll of immolation for 38 gold pieces
  5904 | D:5      | Bought a scroll of identify for 22 gold pieces
  5904 | D:5      | Bought a scroll of noise for 11 gold pieces
  5904 | D:5      | Bought a scroll of random uselessness for 11 gold pieces
  5904 | D:5      | Bought a scroll of teleportation for 33 gold pieces
  5929 | D:5      | Identified the +7 scale mail of Amelioration {SInv} (You found it on level 5 of the Dungeon)
  5959 | D:5      | Bought a scroll of blinking for 82 gold pieces
  6289 | D:6      | Noticed JeronimusCornelisz's ghost (novice MiBe)
  6302 | D:6      | Killed JeronimusCornelisz's ghost
  6302 | D:6      | Reached skill level 10 in Maces & Flails
  6407 | D:6      | Found a staircase to the Ecumenical Temple.
  6472 | D:6      | Reached XP level 9. HP: 76/81 MP: 8/8
  6478 | D:6      | Found a shadowy altar of Dithmenos.
  6672 | D:6      | Reached **** piety under Trog
  7136 | D:6      | Found a burning altar of Makhleb.
  7358 | D:7      | Reached skill level 1 in Shields
  7400 | D:7      | Reached skill level 2 in Shields
  7410 | D:7      | Reached skill level 3 in Shields
  7419 | D:7      | Reached skill level 4 in Shields
  7474 | D:7      | Reached skill level 5 in Shields
  7510 | D:7      | Found an opulent altar of Gozag.
  7530 | D:7      | Found Onat's Jewellery Emporium.
  7580 | D:7      | Found a bloodstained altar of Trog.
  7581 | D:7      | Found an iron altar of Okawaru.
  7583 | D:7      | Reached skill level 6 in Shields
  7683 | D:7      | Reached skill level 7 in Shields
  8105 | D:7      | Found Toila's Armour Shoppe.
  8226 | D:7      | Reached XP level 10. HP: 75/90 MP: 9/9
  8531 | D:8      | Reached skill level 8 in Shields
  8563 | D:8      | Paralysed by a hornet for 3 turns
  8581 | D:8      | Reached ***** piety under Trog
  8586 | D:8      | Reached skill level 9 in Shields
  8927 | D:8      | Noticed a two-headed ogre
  8944 | D:8      | Killed a two-headed ogre
  8944 | D:8      | Reached skill level 10 in Shields
  9190 | D:8      | Noticed Joseph
  9204 | D:8      | Killed Joseph
  9204 | D:8      | Reached skill level 11 in Shields
  9515 | D:8      | Noticed a two-headed ogre
  9533 | D:8      | Killed a two-headed ogre
  9533 | D:8      | Reached skill level 12 in Shields
  9924 | D:9      | Noticed a two-headed ogre
  9942 | D:9      | Killed a two-headed ogre
 10257 | D:9      | Reached XP level 11. HP: 95/95 MP: 10/10
 10262 | D:9      | Got a sparkling copper ring
 10274 | D:9      | Found a snail-covered altar of Cheibriados.
 10282 | D:9      | Received a gift from Trog
 10305 | D:9      | Reached skill level 13 in Shields
 10778 | D:10     | Entered Level 10 of the Dungeon
 11357 | D:10     | Found a staircase to the Orcish Mines.
 11390 | D:10     | Identified the ring of the Thirsty Songs {rN+ Int+5 SInv} (You found it on level 9 of the Dungeon)
 11544 | D:10     | Noticed Psyche
 11551 | D:10     | Killed Psyche
 11551 | D:10     | Reached skill level 14 in Shields
 11559 | D:10     | Found Lozahiza's Jewellery Shop.
 11803 | D:10     | Found a portal to a secret trove of treasure.
 12216 | D:10     | Found a staircase to the Lair.
 12339 | Lair:1   | Entered Level 1 of the Lair of Beasts
 12339 | Lair:1   | Noticed Erica
 12339 | Lair:1   | Noticed Nergalle
 12387 | Lair:1   | Killed Nergalle
 12392 | Lair:1   | Killed Erica
 12392 | Lair:1   | Reached skill level 15 in Shields
 12617 | Lair:1   | Got an encrusted dagger
 12642 | Lair:1   | Noticed an oklob plant
 12845 | Lair:1   | Noticed Gastronok
 12860 | Lair:1   | Killed Gastronok
 12938 | Lair:1   | Noticed a four-headed hydra
 12943 | Lair:1   | Killed a four-headed hydra
 13181 | Lair:1   | Noticed an oklob plant
 13210 | Lair:1   | Noticed an oklob plant
 13269 | Lair:2   | Noticed a six-headed hydra
 13271 | Lair:2   | Found a hole to the Spider Nest.
 13278 | Lair:2   | Reached XP level 12. HP: 105/105 MP: 3/11
 13283 | Lair:2   | Killed a six-headed hydra
 13283 | Lair:2   | Received a gift from Trog
 13355 | Lair:2   | Reached skill level 10 in Fighting
 13573 | Lair:2   | Found a staircase to the Shoals.
 14937 | Lair:3   | Reached skill level 10 in Armour
 15609 | Lair:4   | Reached skill level 15 in Maces & Flails
 15618 | Lair:4   | Reached XP level 13. HP: 107/116 MP: 12/12
 16033 | Lair:4   | Found an ornate altar of the Wu Jian Council.
 17336 | Lair:5   | Received a gift from Trog
 17360 | Lair:5   | Got a steaming mace {god gift}
 18022 | Lair:6   | Entered Level 6 of the Lair of Beasts
 18387 | Lair:6   | Reached XP level 14. HP: 122/127 MP: 13/13
 18536 | Lair:6   | Reached skill level 16 in Shields
 18953 | Lair:6   | Reached skill level 5 in Dodging
 19340 | Lair:6   | Found a large runed door.
 19626 | Lair:6   | Found a large runed door.
 20172 | Lair:6   | Received a gift from Trog
 20899 | Lair:6   | Identified the +10 mace of the Desolation of Salt {freeze, rPois Dex+4} (Trog gifted it to you on level 5 of the Lair of Beasts)
 21282 | Temple   | Entered the Ecumenical Temple
 21328 | Temple   | Identified the +5 dagger of Cowardice {venom, rPois Stlth+} (You found it on level 1 of the Lair of Beasts)
 21508 | Orc:1    | Entered Level 1 of the Orcish Mines
 21807 | Orc:1    | Found a roughly hewn altar of Beogh.
 21830 | Orc:1    | Found Maxkus's Gadget Emporium.
 21917 | Orc:1    | Reached ****** piety under Trog
 22326 | Orc:2    | Entered Level 2 of the Orcish Mines
 22365 | Orc:2    | Reached skill level 17 in Shields
 22368 | Orc:2    | Received a gift from Trog
 22375 | Orc:2    | Got a warped trident {god gift}
 22694 | Orc:2    | Found a roughly hewn altar of Beogh.
 22878 | Orc:2    | Noticed Saint Roka
 23457 | Orc:2    | Killed Saint Roka
 23523 | Orc:2    | Found a roughly hewn altar of Beogh.
 23617 | Orc:2    | Found Senax Wes's Antique Armour Emporium.
 23618 | Orc:2    | Found a roughly hewn altar of Beogh.
 23621 | Orc:2    | Found Fueras's Antique Weapon Shoppe.
 23639 | Orc:2    | Bought a runed scarf for 168 gold pieces
 23822 | Orc:2    | Found a roughly hewn altar of Beogh.
 23930 | Orc:2    | Found a staircase to the Elven Halls.
 23936 | Orc:2    | Noticed Sonja
 23939 | Orc:2    | Noticed Josephine
 23955 | Orc:2    | Killed Josephine
 23955 | Orc:2    | Received a gift from Trog
 23955 | Orc:2    | Cast into level 1 of the Abyss (Sonja)
 24009 | Abyss:1  | Noticed a cacodemon
 24025 | Abyss:1  | Slain by a sixfirhy

Skill      XL: |  1  2  3  4  5  6  7  8  9 10 11 12 13 14 |
---------------+-------------------------------------------+-----
Maces & Flails | 4 5 6 7 8 9 10 11 12 15 16 | 16.0
Fighting       | 4 5 6 8 9 11 12 13 | 13.7
Armour         | 4 6 7 8 10 11 13 | 13.1
Shields        | 7 12 15 17 | 17.5
Dodging        | 4 7 |  7.0

Action                   |  1- 3 |  4- 6 |  7- 9 | 10-12 | 13-15 || total
-------------------------+-------+-------+-------+-------+-------++-------
Melee: Mace              |    97 |    91 |       |       |       ||   188
       Headbutt          |    10 |    16 |    86 |   151 |   197 ||   460
       Flail             |       |    25 |       |       |       ||    25
       Whip              |       |       |   347 |   236 |       ||   583
       Morningstar       |       |       |       |   228 |       ||   228
       Eveningstar       |       |       |       |   235 |   793 ||  1028
Invok: Berserk           |       |     3 |     1 |     8 |     9 ||    21
       Trog's Hand       |       |     1 |       |     1 |       ||     2
  Use: Scroll            |       |       |       |    26 |     3 ||    29
 Stab: Confused          |       |       |       |     1 |       ||     1
  Eat: Chunk             |     1 |     5 |    10 |    22 |    20 ||    58
       Ration            |       |     1 |     2 |     5 |     6 ||    14
Armor: Animal skin       |    27 |       |       |       |       ||    27
       Leather armour    |     8 |    14 |       |       |       ||    22
       Plate armour      |       |    45 |    71 |       |       ||   116
       Scale mail        |       |       |    92 |   256 |   273 ||   621
Dodge: Dodged            |    98 |    96 |   107 |   193 |   310 ||   804
Block: Shield            |       |       |    55 |   516 |   690 ||  1261
